 Dungeon Crawl Stone Soup version 0.20-a0-208-g55166f7 (webtiles) character file.

30606 Kadarus the Grappler (level 13, -3/101 HPs)
             Began as a Ghoul Monk on Nov 25, 2016.
             Was the Champion of Hepliaklqana.
             Slain by a spiny frog (11 damage)
             ... on level 6 of the Lair of Beasts.
             The game lasted 00:59:14 (11591 turns).

Kadarus the Grappler (Ghoul Monk)                  Turns: 11591, Time: 00:59:15

Health: -3/101     AC: 17    Str: 20    XL:     13   Next: 52%
Magic:  30/30      EV: 11    Int:  7    God:    Hepliaklqana [******]
Gold:   480        SH:  0    Dex: 11    Spells: 12/12 levels left

rFire  . . .     SeeInvis +       - Unarmed
rCold  + . .     Gourm    .     r - +2 plate armour
rNeg   + + +     Faith    +     (no shield)
rPois  ∞         Spirit   .     E - +3 crown of Dyrovepreva {rElec Int+2 SInv}
rElec  +         Reflect  .     C - +0 cloak
rCorr  .         Harm     .     (no gloves)
MR     .....                    G - +0 pair of boots
Stlth  ..........               g - amulet of faith
                                p - +5 ring of evasion
                                f - ring of magical power

@: about to teleport, rotting
A: rotting body, reduced essence, claws 1, carnivore 3, cold resistance 1,
negative energy resistance 3, slow regeneration 1, torment resistance,
unbreathing
a: Recall Ancestor, Ancestor Identity, Transference, Idealise, Renounce Religion


You were on level 6 of the Lair of Beasts.
You worshipped Hepliaklqana.
Hepliaklqana was exalted by your worship.
You were not hungry.

You visited 3 branches of the dungeon, and saw 17 of its levels.

You collected 821 gold pieces.
You spent 341 gold pieces at shops.

Inventory:

Armour
 r - a +2 plate armour (worn)
 C - a +0 cloak (worn)
 E - the +3 crown of Dyrovepreva (worn) {rElec Int+2 SInv}
   (You found it on level 1 of the Lair of Beasts)

   It affects your intelligence (+2).
   It insulates you from electricity.
   It lets you see invisible.
 G - a +0 pair of boots (worn)
Jewellery
 f - a ring of magical power (left claw)
 g - an amulet of faith (around neck)
 p - a +5 ring of evasion (right claw)
Wands
 d - a wand of iceblast (8/15)
 k - a wand of lightning (9/15)
 u - a wand of flame (17/48)
 x - a wand of polymorph (14/24)
 y - a wand of paralysis (1/24)
Scrolls
 a - 7 scrolls of remove curse
 o - 5 scrolls of magic mapping
 q - 2 scrolls of teleportation
 v - 3 scrolls of recharging
 A - 2 scrolls of immolation
 F - a scroll of fog {unknown}
Potions
 c - a potion of ambrosia
 e - 5 potions of flight
 h - 12 potions of curing
 n - a potion of haste {unknown}
 s - a potion of heal wounds
 t - a potion of agility
 w - 3 potions of might
 B - a potion of berserk rage {unknown}
 D - a potion of mutation {unknown}
Comestibles
 b - 13 meat rations
 i - 6 slices of pizza
 m - 4 beef jerkies


   Skills:
 + Level 9.8 Fighting
 - Level 2.6 Dodging
 - Level 2.1 Stealth
 - Level 14.1 Unarmed Combat
 - Level 12.3 Invocations
 + Level 11.1 Evocations


You had 12 spell levels left.
You didn't know any spells.

Dungeon Overview and Level Annotations

Branches:
Dungeon (10/15)            Temple (1/1) D:7            Lair (6/6) D:10
  Swamp (0/4) Lair:4       Spider (0/4) Lair:3
  Slime: Lair:5-6       Orc: D:9-12

Altars:
Ashenzari
Cheibriados
Dithmenos
Elyvilon
Fedhas
Gozag
Hepliaklqana
Kikubaaqudgha
Makhleb
Nemelex Xobeh
Okawaru
Qazlal
Ru
Sif Muna
Trog
Uskayaw
Vehumet
Xom
Yredelemnul
Zin
The Shining One

Shops:
D:9 [(:%   D:10 [


Innate Abilities, Weirdness & Mutations

Your body is rotting away.
You thrive on raw meat.
You are immune to poison.
You have sharp fingernails.
You are carnivorous and can eat meat at any time.
Your flesh is cold resistant. (rC+)
You are immune to negative energy. (rN+++)
You regenerate slowly when monsters are visible.
You are immune to unholy pain and torment.
You can survive without breathing.
Your life essence is reduced. (-10% HP)


Message History

As you read the scroll of teleportation, it crumbles to dust.
You feel strangely unstable.
The spiny frog stings you but does no damage.
Evoke which item? (* to show all) (? for menu, Esc to quit)
Okay, then.
You scratch the spiny frog but do no damage.
The spiny frog is moderately wounded.
The spiny frog barely misses you.
The blink frog blinks!
You mangle the spiny frog!!
The spiny frog is almost dead.
The spiny frog stings you!
* * * LOW HITPOINT WARNING * * *
You scratch the spiny frog.
The spiny frog is almost dead.
The spiny frog stings you!
* * * LOW HITPOINT WARNING * * *
You scratch the spiny frog but do no damage.
The spiny frog is almost dead.
The spiny frog stings you!
You die...

#..
###..#P..#...##
..##...........##
..........###.##
#.......P####
##.....### #.
##....P#.## .≈
##F...PP..... .≈
###FFFF.F.P...P .
#@#wF#.F≈......≈
##FFF#FF.P.≈≈≈P≈
#.#F.#.≈w≈≈P≈≈≈P
##..##≈.≈≈≈≈≈≈≈≈
...#≈.≈≈≈≈≈≈≈≈
...##≈.≈≈≈≈≈≈≈
... #..


You could see a spiny frog and 3 blink frogs.

Vanquished Creatures
  Gastronok (Lair:1)
  2 hydras
  An ugly thing (D:9)
  3 black mambas (Lair:3)
  6 spiny frogs
  4 komodo dragons
  A queen bee (Lair:3)
  A two-headed ogre (D:10)
  2 blink frogs
  6 dream sheep (Lair:5)
  A hippogriff (Lair:1)
  6 spriggans (Lair:1)
  3 wyverns
  14 yaks
  3 vampire mosquitoes
  2 water moccasins
  6 porcupines
  A black bear (D:6)
  3 orc warriors
  3 ogres
  3 centaurs
  6 wolves
  6 crocodiles
  A big kobold (D:8)
  3 bullfrogs
  A scorpion (D:4)
  2 electric eels (Lair:4)
  An orc priest (D:5)
  A jelly (D:6)
  3 orc wizards
  A bullfrog skeleton (D:8)
  An iguana (D:10)
  2 worker ants (D:4)
  A battlemage (D:8)
  3 hound skeletons
  10 adders
  3 gnolls
  3 shadow imps
  3 oozes
  5 worms
  4 dart slugs
  6 leopard geckos
  14 orcs
  7 giant cockroaches
  6 hobgoblins
  7 jackals
  6 quokkas
  A ball python (D:6)
  A ball python skeleton (D:4)
  9 bats
  5 frilled lizards
  2 goblins
  A jackal zombie (D:5)
  6 kobolds
  2 quokka skeletons
  8 rats
213 creatures vanquished.

Vanquished Creatures (collateral kills)
  Fannar (Lair:2)
  A hydra (Lair:3)
  A wizard (D:10)
  A hill giant (D:10)
  2 black mambas
  3 spiny frogs
  A rime drake (Lair:1)
  A komodo dragon (Lair:5)
  A hornet (D:10)
  3 blink frogs (Lair:3)
  7 dream sheep
  A tyrant leech (Lair:6)
  5 spriggans (Lair:1)
  A wraith (D:10)
  Eustachio (D:6)
  16 yaks
  2 wyverns
  A vampire mosquito (Lair:6)
  4 water moccasins
  Duvessa (D:6)
  A porcupine (Lair:5)
  2 orc warriors (D:6)
  2 ice beasts
  2 sky beasts
  4 necrophages (Lair:2)
  6 wolves
  2 centaurs (D:7)
  2 ogres
  2 crocodiles
  2 big kobolds (D:8)
  5 bullfrogs
  A gnoll sergeant (D:8)
  Dowan (D:6)
  A scorpion (D:8)
  3 electric eels
  3 crimson imps
  3 orc priests
  3 hounds
  3 orc wizards
  4 worker ants
  3 adders
  3 gnolls
  An adder skeleton (D:5)
  A leopard gecko (D:7)
  12 orcs
  2 ball pythons
  A giant cockroach (D:5)
  A jackal (D:5)
  2 quokkas
  A bush (Lair:5)
133 creatures vanquished.

Vanquished Creatures (others)
  9 battlemagi
  2 fungi
  4 plants
15 creatures vanquished.

Grand Total: 361 creatures vanquished

Notes
Turn   | Place    | Note
-------+----------+-------------------------------------------
     0 | D:1      | Kadarus the Ghoul Monk began the quest for the Orb.
     0 | D:1      | Reached XP level 1. HP: 19/19 MP: 0/0
    68 | D:1      | Reached XP level 2. HP: 25/26 MP: 1/1
   102 | D:1      | Reached skill level 4 in Unarmed Combat
   285 | D:1      | Reached XP level 3. HP: 26/31 MP: 2/2
   753 | D:2      | Reached skill level 5 in Unarmed Combat
   849 | D:2      | Reached XP level 4. HP: 38/38 MP: 3/3
  1480 | D:3      | Reached skill level 6 in Unarmed Combat
  1480 | D:3      | Reached XP level 5. HP: 45/45 MP: 4/4
  1644 | D:3      | Found a glowing silver altar of Zin.
  2438 | D:4      | Found a shimmering altar of Xom.
  2439 | D:4      | Found a hazy altar of Hepliaklqana.
  2439 | D:4      | Noticed a death ooze
  2440 | D:4      | Noticed a spectral ugly thing
  2440 | D:4      | Noticed a death ooze
  2447 | D:4      | Became a worshipper of Hepliaklqana the Forgotten
  2447 | D:4      | Reached * piety under Hepliaklqana
  2447 | D:4      | Reached ** piety under Hepliaklqana
  2448 | D:4      | Remembered your ancestor Paser as a battlemage
  2484 | D:4      | Reached skill level 7 in Unarmed Combat
  2571 | D:4      | Noticed an orc warrior
  2585 | D:4      | Killed an orc warrior
  2585 | D:4      | Reached XP level 6. HP: 26/45 MP: 5/5
  2643 | D:4      | Reached skill level 8 in Unarmed Combat
  2759 | D:4      | Reached XP level 7. HP: 45/51 MP: 7/7
  2921 | D:5      | Entered Level 5 of the Dungeon
  3035 | D:5      | Reached skill level 9 in Unarmed Combat
  3084 | D:5      | Reached *** piety under Hepliaklqana
  3186 | D:5      | Reached XP level 8. HP: 45/56 MP: 10/10
  3403 | D:5      | Found a stormy altar of Qazlal.
  3476 | D:6      | Reached skill level 5 in Invocations
  3784 | D:6      | Reached skill level 10 in Unarmed Combat
  3858 | D:6      | Reached XP level 9. HP: 13/63 MP: 13/13
  3909 | D:6      | Noticed Eustachio
  3912 | D:6      | Noticed Duvessa
  3914 | D:6      | Killed Eustachio
  3921 | D:6      | Killed Duvessa
  3935 | D:6      | Noticed Dowan
  3940 | D:6      | Killed Dowan
  4208 | D:7      | Reached skill level 11 in Unarmed Combat
  4315 | D:7      | Reached **** piety under Hepliaklqana
  4554 | D:7      | Found a staircase to the Ecumenical Temple.
  4573 | Temple   | Entered the Ecumenical Temple
  5382 | D:8      | Reached skill level 1 in Evocations
  5823 | D:8      | Reached ***** piety under Hepliaklqana
  5906 | D:8      | Noticed a three-headed hydra
  5912 | D:8      | Reached XP level 10. HP: 53/69 MP: 15/15
  5915 | D:8      | Killed a three-headed hydra
  5915 | D:8      | Reached skill level 12 in Unarmed Combat
  6029 | D:9      | Found Luup's Food Emporium.
  6124 | D:9      | Found Ehutil's Weapon Shop.
  6127 | D:9      | Found Watilim's Antique Armour Emporium.
  6154 | D:9      | Bought a glowing helmet for 283 gold pieces
  6188 | D:9      | Noticed a brown ugly thing
  6201 | D:9      | Killed a purple ugly thing
  6210 | D:9      | Found Zemu's Book Boutique.
  6429 | D:9      | Found an ancient bone altar of Kikubaaqudgha.
  6456 | D:10     | Entered Level 10 of the Dungeon
  6456 | D:10     | Found a staircase to the Lair.
  6456 | D:10     | Noticed a hill giant
  6463 | D:10     | Killed a hill giant
  6463 | D:10     | Reached skill level 10 in Invocations
  6585 | D:10     | Reached skill level 5 in Evocations
  6764 | D:10     | Noticed a wizard
  6770 | D:10     | Killed a wizard
  6770 | D:10     | Reached XP level 11. HP: 73/73 MP: 17/17
  6798 | D:10     | Found Osirr's Armour Emporium.
  6808 | D:10     | Bought a +0 cloak for 58 gold pieces
  7252 | Lair:1   | Entered Level 1 of the Lair of Beasts
  7259 | Lair:1   | Reached skill level 13 in Unarmed Combat
  7623 | Lair:1   | Noticed Gastronok
  7649 | Lair:1   | Killed Gastronok
  7937 | Lair:1   | Reached XP level 12. HP: 70/80 MP: 20/20
  7979 | Lair:1   | Noticed a five-headed hydra
  7986 | Lair:1   | Killed a five-headed hydra
  7986 | Lair:1   | Reached skill level 14 in Unarmed Combat
  8540 | Lair:2   | Reached ****** piety under Hepliaklqana
  8708 | Lair:2   | Noticed Fannar
  8729 | Lair:2   | Killed Fannar
  9050 | Lair:3   | Reached skill level 5 in Fighting
  9343 | Lair:3   | Noticed a six-headed hydra
  9349 | Lair:3   | Killed a six-headed hydra
  9631 | Lair:3   | Found a hole to the Spider Nest.
  9880 | Lair:3   | Reached XP level 13. HP: 93/95 MP: 21/21
  9895 | Lair:4   | Found a staircase to the Swamp.
  9906 | Lair:4   | Reached skill level 10 in Evocations
 11482 | Lair:6   | Entered Level 6 of the Lair of Beasts
 11591 | Lair:6   | Slain by a spiny frog

Vault maps used:
D:1:      dpeg_arrival_rhombus
D:3:      overflow_temple_1_default, first_bread, supply_closet_lemuel
D:4:      regret_index_temple_of_mockery, grunt_ministairs_11,
          minmay_divided_ellipse
D:5:      grunt_qazlal_clouds
D:6:      uniq_duvessa, uniq_eustachio
D:8:      hangedman_ranch
D:9:      basic_altar, serial_shops, shop, kennysheep_mini, shop, shop
D:10:     lair_entry_dummy, serial_shops, nicolae_shop_trees
Temple:   eino_narrow_crystal_temple
Lair:1:   kb_forest_paths, infiniplex_staircase_pool_2, uniq_gastronok
Lair:2:   roderic_carrion_pond, uniq_fannar
Lair:3:   spider_nest_entry_web_field, wad_woods_03
Lair:4:   minmay_swamp_entry_eels
Lair:5:   grunt_megastairs_5
Lair:6:   minmay_lair_end_frog_pond, dpeg_slime_entry_enclosed_altar

Skill      XL: |  1  2  3  4  5  6  7  8  9 10 11 12 13 |
---------------+----------------------------------------+-----
Unarmed Combat | 4 5 6 7 8 9 10 11 12 13 14 | 14.1
Invocations    | 2 4 7 9 10 12 | 12.3
Evocations     | 3 5 7 9 11 | 11.1
Fighting       | 7 9 |  9.8
Dodging        | |  2.6
Stealth        | |  2.1

Action                   |  1- 3 |  4- 6 |  7- 9 | 10-12 | 13-15 || total
-------------------------+-------+-------+-------+-------+-------++-------
Melee: Unarmed           |   123 |   173 |   170 |   379 |   160 ||  1005
       Punch             |     1 |     3 |    12 |    14 |     5 ||    35
Invok: Ancestor Life: Ba |       |     1 |       |       |       ||     1
       Recall Ancestor   |       |       |     2 |       |       ||     2
       Idealise          |       |       |       |     2 |     1 ||     3
       Transference      |       |       |       |       |     1 ||     1
Evoke: Wand              |       |       |     2 |    22 |     1 ||    25
  Use: Scroll            |     3 |     4 |    10 |     3 |     2 ||    22
       Potion            |       |       |       |     1 |     3 ||     4
 Stab: Sleeping          |     3 |       |       |       |       ||     3
       Distracted        |       |     1 |     1 |     4 |     2 ||     8
       Invisible         |       |       |       |     1 |       ||     1
       Paralysed         |       |       |       |     1 |     3 ||     4
  Eat: Chunk             |    13 |    18 |    29 |    62 |    19 ||   141
       Beef jerky        |       |       |     1 |       |       ||     1
Armor: Robe              |     7 |       |       |       |       ||     7
       Chain mail        |    43 |    78 |    39 |       |       ||   160
       Plate armour      |       |       |    31 |   152 |    59 ||   242
Dodge: Dodged            |    46 |    59 |    55 |   138 |    70 ||   368
